[Event "Portuguese Team Blitz-ch 2022"]
[Site "Viseu"]
[Date "2022.06.12"]
[Round "6.8"]
[White "Gallo Garcia, Kemel Antonio"]
[Black "Pipiras, Filipa Fortuna"]
[Result "0-1"]
[ECO "A25"]
[WhiteElo "2332"]
[BlackElo "2135"]
[Annotator "TA"]
[PlyCount "75"]
[EventDate "2022.06.12"]
[EventType "team-tourn"]
[EventCountry "POR"]
[SourceTitle "playchess.com"]
[Source "ChessBase"]
[SourceQuality "1"]
[TimeControl "180+2"]

1. c4 e5 2. Nc3 Nc6 3. g3 Nf6 4. Bg2 Bc5 5. e4 d6 6. Nge2 {[%emt 0:00:03] A25: English Opening vs King's Indian with ...Nc6 but without early d3.} (6. h3 $11) 6... Be6 {[%emt 0:00:07] [#]} (6... Ng4 $1 $17 7. O-O h5) 7. b3 $146 (7. d3 $15) ({Predecessor:} 7. d3 Ng4 8. O-O Qf6 9. Nd5 Bxd5 10. exd5 Nb4 11. a3 Nxf2 12. Qa4+ b5 13. Qxb5+ c6 14. dxc6 Nbxd3 {0-1 (22) Nakvanich,S (1707)-Arunnuntapanich,T (2128) Ayutthaya 2022}) 7... a5 (7... Ng4 $17 8. O-O Qf6) 8. Bb2 (8. h3 $11) 8... O-O {[%emt 0:00:06] Black is more active.} (8... Ng4 $17 9. O-O Qf6) 9. O-O $11 Nb4 10. d3 (10. d4 Bxd4 11. Nxd4 exd4 $15) 10... c6 11. a3 Na6 12. d4 (12. Qc2 $11 {is superior.}) 12... Ba7 (12... exd4 $15 13. Na4 (13. Nxd4 Bxd4 14. Qxd4 Nc5 $15) 13... b5 14. Nxc5 dxc5) 13. Kh1 (13. Bc1 $11) 13... Qe7 (13... exd4 $15 14. Nxd4 Bxd4 15. Qxd4 Nc5) 14. f4 Bg4 15. fxe5 (15. h3 $11 exd4 16. hxg4 dxc3 17. Nxc3) 15... dxe5 $15 16. dxe5 (16. d5 $11) 16... Nd7 $1 ({Don't play} 16... Qxe5 17. Qc2 Qh5 18. Rae1 $11) 17. Rf4 (17. h3 $17 {was called for.} Bxe2 18. Nxe2) 17... Nxe5 $19 {[%emt 0:00:06] Strongly threatening ...Nc5.} 18. Na4 Rad8 19. Qe1 (19. Qc2) 19... Bh5 $2 (19... Nd3 $19 20. Rxg4 f6 21. Qxa5 Nf2+ 22. Kg1 Nxg4+ 23. c5 Ne3) 20. Qxa5 ({Better is} 20. Bxe5 $15 Qxe5 21. Rf5 Qxa1 22. Qxa1 Bxe2 23. Nc3) 20... Bxe2 21. Qxe5 Qxe5 22. Bxe5 Rd3 (22... Bd1 $17 23. Rb1 Bc2) 23. b4 (23. Re1 $15 Be3 24. Bf3) 23... f6 {[%emt 0:00:04][%mdl 1024] Black has strong compensation.} 24. Bb2 Rfd8 ({Black should try} 24... Be3 $17 25. Rf5 Rfd8) 25. c5 $15 Nc7 (25... Rd1+ $15 26. Bf1 Rxa1 27. Bxa1 Rd1) 26. Re1 Bh5 {[%emt 0:00:01] [#]} (26... Rd1 $11 27. Rg1 R1d2) 27. e5 $1 $16 fxe5 28. Bxe5 ({White should play} 28. Rf5 $16 Rd1 29. Rfxe5) 28... Nd5 $14 29. Rfe4 (29. Bxd5+ $14 R3xd5 30. Nc3) 29... Bg6 30. Rd4 Rxa3 31. Nb6 (31. Nc3 $5 Rxc3 {[#]} 32. Rxd5 $1 $14) 31... Bxb6 32. cxb6 Bf7 33. Bc7 {[%emt 0:00:04] A strong pair of Bishops.} (33. b5 $5 Rb3 34. bxc6 bxc6 35. Bc7 $14) 33... Rc8 34. Rde4 (34. b5 $5 Rb3 35. bxc6 bxc6 36. Rc1 $14) 34... Nxc7 35. bxc7 (35. Bh3 $11 {keeps the balance.} Ne6 36. Rxe6 (36. Bxe6 Bxe6 37. Rxe6 Ra6 $11)) 35... Rxc7 $17 36. Re7 $2 (36. Kg1 $17) 36... Rxe7 $19 37. Rxe7 Ra1+ 38. Bf1 {Weighted Error Value: White=0.66/Black=0.54} 0-1

[Event "Portuguese Team Blitz-ch 2022"]
[Site "Viseu"]
[Date "2022.06.12"]
[Round "7.1"]
[White "Martins, Bruno Andre Leite"]
[Black "Polaczek, Richard"]
[Result "1-0"]
[ECO "C05"]
[WhiteElo "2327"]
[BlackElo "2356"]
[Annotator "TA"]
[PlyCount "92"]
[EventDate "2022.06.12"]
[EventType "team-tourn"]
[EventCountry "POR"]
[SourceTitle "playchess.com"]
[Source "ChessBase"]
[SourceQuality "1"]
[TimeControl "180+2"]

1. e4 e6 2. d4 d5 3. Nd2 Nf6 4. Bd3 c5 5. e5 Nfd7 6. c3 b6 7. Ne2 Ba6 8. Bxa6 Nxa6 9. O-O Be7 10. f4 {10.Nf4 is more fashionable.} Nc7 11. Nf3 O-O 12. Be3 {[#] C06: French Tarrasch: 3...Nf6 4 e5 Nfd7 5 Bd3 main lines.} cxd4 $146 ({Predecessor:} 12... f5 13. exf6 Nxf6 14. Ne5 Ne4 15. Qd3 Qe8 16. Rad1 Rd8 17. h3 Bd6 18. Kh2 Qh5 19. Rf3 Bxe5 20. dxe5 {½-½ (76) Teske,H (2578)-Almeida Toledano,D (2254) Barbera del Valles 2007}) 13. cxd4 Qc8 14. g4 {White is better.} f6 15. Ng3 Qa6 16. Qd2 Rac8 17. Rf2 b5 (17... Qa4 $14) 18. Kh1 (18. f5 $16) 18... b4 19. b3 ({Better is} 19. f5 $16) 19... Nb5 $11 20. f5 Nc3 21. exf6 $2 (21. g5 $11 fxe5 22. f6 (22. Nxe5 Nxe5 23. dxe5 d4 $17)) 21... Nxf6 $19 {aiming for ...Nce4.} 22. Ng5 (22. Rg2 {might work better.}) 22... Nce4 $2 (22... Nxg4 $19 23. Nxe6 Nxf2+ 24. Qxf2 Rf7) 23. N3xe4 Nxe4 24. Nxe4 dxe4 25. d5 exf5 26. gxf5 Rcd8 (26... Rc3 $15 27. Rg1 Bf6) 27. Rg1 Qd3 28. Bh6 ({Much weaker is} 28. Qb2 Bf6 29. Qe2 Rxd5 30. Bxa7 Rf7 $17) (28. Bd4 $1 $11 Rf7 29. f6 (29. Qxd3 exd3 30. f6 Bd6 $11)) 28... Bf6 (28... Rf7 $17 29. Rfg2 Qxd2 30. Rxd2 Rd7) 29. Bxg7 $11 Bxg7 ({Don't do} 29... Qxd2 30. Bxf8+ Qg5 31. Rxg5+ Bxg5 32. Bxb4 Rxd5 33. Kg2) 30. Qg5 (30. f6 $11 {remains equal.} Qxd2 31. Rxg7+ Kh8 32. Rxd2) 30... Rd7 $17 31. f6 {[%mdl 64] Pin} e3 32. Rf4 {[%mdl 8192] [#]} (32. Rfg2 $17 {was the crucial defense.}) 32... Qxd5+ $2 (32... Rff7 33. Rxb4 Rxf6 34. Qe5 $19) ({Black should play} 32... e2 $1 $19 33. Qg2 (33. Qe5 Qxd5+) 33... Qxd5 34. Qxd5+ Rxd5) 33. Qxd5+ $11 Rxd5 34. Rxg7+ $19 {[%mdl 4096] Endgame KRR-KRR} Kh8 {And now ...e2 would win.} 35. Re7 Rd1+ 36. Kg2 Rd2+ 37. Kh3 Rxa2 38. Rxe3 Rb2 39. Kg4 Rxh2 40. Kf5 Rh5+ 41. Kg4 Rb5 42. Re7 Rb6 43. Kg5 Rb5+ $2 {[%mdl 8192] [#]} (43... Rg8+ $11 44. Kf5 Rf8) 44. Rf5 $2 (44. Kh6 $1 {mates} Rfb8 45. Rxh7+ Kg8 46. Rg4+ Kf8 47. Rgg7 Rh5+ 48. Kxh5 Rb5+ 49. Kg6 Rh5 50. Kxh5 Ke8 51. Rh8#) 44... Rg8+ 45. Kf4 Rxf5+ 46. Kxf5 {Intending f7 and mate.} Rb8 {A wild game.  Weighted Error Value: White=0.74/Black=0.83} 1-0

[Event "Portuguese Team Blitz-ch 2022"]
[Site "Viseu"]
[Date "2022.06.12"]
[Round "7.2"]
[White "Cavaleiro, Daniel Felipe Costa"]
[Black "Rego, Pedro Filipe"]
[Result "1-0"]
[ECO "A57"]
[WhiteElo "1993"]
[BlackElo "2251"]
[Annotator "TA"]
[PlyCount "85"]
[EventDate "2022.06.12"]
[EventType "team-tourn"]
[EventCountry "POR"]
[SourceTitle "playchess.com"]
[Source "ChessBase"]
[SourceQuality "1"]
[TimeControl "180+2"]

1. d4 Nf6 2. c4 c5 3. d5 b5 4. cxb5 a6 5. b6 d6 6. Nc3 Nbd7 7. e4 g6 8. Be2 Bg7 9. Nf3 O-O 10. Nd2 Nxb6 11. a4 a5 12. O-O e6 13. dxe6 {A57: Benko/Volga Gambit.} Bxe6 14. Nb5 Qe7 15. Qc2 {[#] The position is equal.} Nfd7 $146 (15... Rfe8 $15) ({Predecessor:} 15... d5 16. Bf3 Rfd8 17. exd5 Bxd5 18. Bxd5 Nbxd5 19. Nb3 Nd7 20. Bd2 Nb4 21. Bxb4 cxb4 {½-½ (34) Meier,D-Laqua,C (2210) Hamburg 1997}) 16. Bc4 (16. Nf3 $11) 16... Ne5 17. Bxe6 fxe6 ({Don't do} 17... Qxe6 18. Nc7 Qg4 19. Nxa8 Rxa8 20. Ra3 $16) 18. f4 Nc6 19. Nf3 Nb4 20. Qe2 Rae8 21. Rd1 d5 22. e5 $1 d4 (22... Rb8 $11) 23. Qe4 N6d5 24. Bd2 Ra8 25. Rac1 Rac8 26. Nd6 Rc7 27. Nb5 (27. Rf1 $16) 27... Rc6 (27... Rcc8 $1 $11) 28. g3 $16 {Black must now prevent Bxb4.} Rd8 (28... Qd7 $142) 29. Kg2 ({White should try} 29. Bxb4 Nxb4 30. Nbxd4 $1 cxd4 31. Rxc6) 29... Bf8 30. Ne1 (30. Bxb4 $16 Nxb4 31. Nbxd4 $1 cxd4 32. Rxc6) 30... Qd7 $11 31. Nd3 Nc7 $2 (31... Nxd3 $11 32. Qxd3 Rb8) 32. Nxb4 $2 (32. Bxb4 $18 axb4 33. Nxd4 $1 ) 32... axb4 33. Bxb4 Nxb5 $1 34. axb5 Rcc8 35. Ba5 Re8 36. b6 {[%cal Ob2b4] And now b4! would win.} Ra8 {[#]} (36... Qb5 $1 $11 37. Ra1 (37. b7 Rb8 $15) 37... Ra8) 37. Be1 {White is more active.} ({White has to play} 37. b4 $1 $16 ) 37... Qb5 38. Rd2 (38. b4 $1 $11 Ra2+ 39. Bf2 Qxb6 40. bxc5 Bxc5 41. Rc2 Rxc2 42. Qxc2) 38... Qxb6 $17 (38... Qb3 {is interesting.} 39. g4 Reb8 40. Rb1 Ra2) 39. Bf2 Ra2 40. Rcc2 {Black is clearly better.} Rb8 41. Qe2 Qc6+ 42. Kh3 (42. Qf3 $17 Qd5 43. Rd3) 42... Qd5 $19 43. Qc4 {[%mdl 32768] Weighted Error Value: White=0.40/Black=0.42. Loss on time!?} 1-0

[Event "Portuguese Team Blitz-ch 2022"]
[Site "Viseu"]
[Date "2022.06.12"]
[Round "7.3"]
[White "Silva, Miguel Antonio Neto"]
[Black "Navarro Duarte, Carlos Enrique"]
[Result "1-0"]
[ECO "A05"]
[WhiteElo "2215"]
[BlackElo "2195"]
[Annotator "TA"]
[PlyCount "53"]
[EventDate "2022.06.12"]
[EventType "team-tourn"]
[EventCountry "POR"]
[SourceTitle "playchess.com"]
[Source "ChessBase"]
[SourceQuality "1"]
[TimeControl "180+2"]

1. Nf3 Nf6 2. c4 b6 3. g3 Bb7 4. Bg2 e6 5. O-O d5 6. Ne5 Bd6 7. d4 c5 {[%emt 0:00:10] D02: 1 d4 d5 2 Nf3 sidelines, including 2...Nf6 3 g3 and 2...Nf6 3 Bf4.} 8. Qa4+ Nbd7 {[%emt 0:00:02] [#]} 9. Nxd7 $146 (9. cxd5 {is interesting.} Nxd5 10. Rd1 cxd4 11. Nxd7 Qxd7 12. Qxd4 f5 13. Nc3) ({Predecessor:} 9. Bf4 Qc7 10. Nc3 a6 11. Nxd7 Nxd7 12. Bxd6 Qxd6 13. dxc5 bxc5 14. cxd5 e5 15. Ne4 Qb6 16. Rac1 {1-0 (30) Nelson,O (1956)-Islam,M (1725) London 2018}) 9... Nxd7 {[%emt 0:00:03] White is slightly better.} 10. cxd5 (10. dxc5 {with more complications.} bxc5 11. cxd5 exd5 12. Qb3) 10... Bxd5 11. Bxd5 exd5 12. dxc5 Bxc5 13. Nc3 {[%emt 0:00:08] [#] Threatens to win with Rd1.} O-O 14. Nxd5 Be7 {[%emt 0:00:33] Loses the game.} (14... Nf6 $14 15. Nc3 h6) 15. Rd1 $18 Qe8 (15... Nc5 16. Qg4 Ne6) 16. Nxe7+ Qxe7 17. Qxd7 Qxd7 18. Rxd7 a5 19. Be3 b5 20. Rc1 b4 21. Rcc7 a4 22. Bc5 b3 23. axb3 axb3 24. Bxf8 Kxf8 25. Rxf7+ {[%emt 0:00:02] White mates.} Ke8 26. Rxg7 h5 27. Rg8# {[%emt 0:00:02] Weighted Error Value: White=0.09 (flawless) /Black=1.18} 1-0

[Event "Portuguese Team Blitz-ch 2022"]
[Site "Viseu"]
[Date "2022.06.12"]
[Round "7.5"]
[White "Andias, Joao Pedro Menezes"]
[Black "Silva, Stephane"]
[Result "0-1"]
[ECO "B53"]
[WhiteElo "2064"]
[BlackElo "2020"]
[Annotator "TA"]
[PlyCount "94"]
[EventDate "2022.06.12"]
[EventType "team-tourn"]
[EventCountry "POR"]
[SourceTitle "playchess.com"]
[Source "ChessBase"]
[SourceQuality "1"]
[TimeControl "180+2"]

1. e4 c5 2. Nf3 d6 3. d4 cxd4 4. Qxd4 Nc6 5. Qe3 Nf6 6. Be2 {B53: Sicilian: 2...d6: Lines with Qxd4.} e6 7. O-O Be7 8. Rd1 {White is slightly better.} Qc7 9. h3 O-O 10. c4 b6 (10... d5 {is more complex.} 11. exd5 exd5 12. Nc3 dxc4 13. Bxc4 a6) 11. Nc3 a6 12. Rb1 Bb7 {[#]} 13. b4 $146 ({Predecessor:} 13. b3 Rad8 14. Bb2 Rfe8 15. Rbc1 Nb8 16. Nd4 Nbd7 17. f4 Bf8 18. Kh1 Qb8 19. Bf3 {1-0 (36) Ayyad,H (2176)-Mohtaat,H (1655) Baku 2016}) 13... Rac8 14. a3 Rfd8 15. Bb2 Nd7 16. Rbc1 Qb8 17. Na4 Ba8 18. Rd2 Re8 19. Rcd1 {[%cal Oe4e5] Strongly threatening e5!} b5 (19... Bf8 $14) 20. cxb5 $40 {[%mdl 128] Black is in trouble.} axb5 21. Nc3 Na7 22. Nd4 e5 $2 (22... Nf6 $16 {was called for.}) 23. Ndxb5 $18 Nxb5 24. Nxb5 h6 (24... Rc6 {was worth a try.} 25. Qa7 Nb6 26. Qxb8 Rxb8 27. Nxd6 f6) 25. Nxd6 Bg5 (25... Bxd6 $142 26. Rxd6 Nf8) 26. Qb3 Nf6 27. Qxf7+ Kh7 28. Nxe8 Rxe8 {[#]} 29. Rd7 $1 Nxd7 (29... Rg8 30. Re7) 30. Rxd7 Rg8 31. Qf5+ Kh8 32. Bc4 Rf8 33. Qg6 (33. Bxe5 $142 Rf6 34. Bxb8 Rxf5 35. exf5 Bc6 36. Rc7 Kh7 37. Rxc6 Bf6 38. Bf7) 33... Bf6 34. Bc1 {[%cal Oc1h6] [#] White wants to mate with Bxh6!} Qc8 35. Bb5 Qxc1+ $19 36. Kh2 Qg5 $2 ({Black should play} 36... Qxa3 $19 37. Rf7 Qxb4) 37. Qxg5 $11 Bxg5 38. Bd3 $2 (38. f3 $11 {and White has nothing to worry.}) 38... Bc6 $2 (38... Rxf2 $19 {...Rd2 is the strong threat.} 39. Rc7 Bf4+ 40. Kg1 Rd2 41. Rc8+ Kh7 42. Rxa8 Rxd3) 39. Rc7 $15 Ba4 (39... Rd8 $1 $15 40. Bc2 Be8) 40. f3 (40. b5 $11 Rxf2 41. b6) 40... Bf4+ {This bishop pair is nice.} 41. Kg1 Rd8 42. Rc3 (42. Bc2 $17 Be3+ 43. Kh2 Bf4+ 44. Kg1) 42... Bd2 43. Rc5 (43. Bc2 Bxc3 44. Bxa4) 43... Rxd3 44. Rc8+ Kh7 {Hoping for ...Bf4.} 45. Kf1 Rxa3 46. Ke2 Bxb4 {( -> ...Ra2+)} 47. Rc4 Bb5 {What a bad dream for White.  Weighted Error Value: White=0.08 (flawless) /Black=0.92} 0-1

[Event "Portuguese Team Blitz-ch 2022"]
[Site "Viseu"]
[Date "2022.06.12"]
[Round "7.6"]
[White "Ribeiro, Gustavo"]
[Black "Fernandes, Tiago Saraiva"]
[Result "1-0"]
[ECO "A43"]
[WhiteElo "1867"]
[BlackElo "1950"]
[Annotator "TA"]
[PlyCount "31"]
[EventDate "2022.06.12"]
[EventType "team-tourn"]
[EventCountry "POR"]
[SourceTitle "playchess.com"]
[Source "ChessBase"]
[SourceQuality "1"]
[TimeControl "180+2"]

1. d4 c5 2. d5 Nf6 3. Nc3 d6 4. e4 g6 5. Nf3 Bg7 6. Be2 O-O 7. O-O e6 8. a4 {[%emt 0:00:05] A43: Schmid Benoni.} e5 (8... exd5 $14 9. exd5 Na6) 9. Nd2 {[%emt 0:00:05][%cal Bf3d2,Bd2c4,Bc4d6,Bd6f5][%mdl 32] [#] White is more active.} h5 $146 (9... Nbd7 $142) ({Predecessor:} 9... Ne8 10. Nc4 Nd7 11. f4 exf4 12. Bxf4 Qe7 13. Bd3 g5 14. Bg3 Bd4+ 15. Kh1 Ne5 16. Nxe5 Bxe5 17. Bxe5 Qxe5 {½-½ (48) MacFarland,J (2200)-Chiku Ratte,O (2430) Colonie 2016}) 10. Nc4 $16 {[%emt 0:00:06] White is clearly better.} a6 11. f4 Ng4 $2 {[%emt 0:00:41] [#]} (11... exf4 $16 12. Bxf4 Ne8) 12. h3 Qh4 (12... exf4 13. Bxf4 (13. Bxg4 hxg4 14. Bxf4 gxh3 $16) (13. hxg4 Bd4+ 14. Rf2 Qh4 $15) 13... Ne5) 13. f5 $18 ({Less strong is} 13. hxg4 hxg4 14. Bxg4 (14. Nxd6 $2 {leads to mate.} g3 15. Rf3 Qh2+ 16. Kf1 Qh1#) 14... Bxg4 $16) 13... Nf6 14. Nxd6 gxf5 $2 (14... Rd8 15. Nxc8 Rxc8 16. fxg6 fxg6) 15. Rxf5 Bxf5 16. Nxf5 {[%mdl 64] Trapped Piece. Black did not feel at home in the position after the opening.  Weighted Error Value: White=0.29 (precise) /Black=0.80} 1-0

[Event "Portuguese Team Blitz-ch 2022"]
[Site "Viseu"]
[Date "2022.06.12"]
[Round "7.7"]
[White "Santos, Ricardo"]
[Black "Carvalho, Vitor Hugo Pina Soar"]
[Result "1-0"]
[ECO "B27"]
[WhiteElo "2088"]
[BlackElo "1818"]
[Annotator "TA"]
[PlyCount "127"]
[EventDate "2022.06.12"]
[EventType "team-tourn"]
[EventCountry "POR"]
[SourceTitle "playchess.com"]
[Source "ChessBase"]
[SourceQuality "1"]
[TimeControl "180+2"]

1. e4 c5 2. Nf3 g6 3. d4 cxd4 4. Nxd4 Nc6 5. Bc4 Bg7 6. Be3 Nf6 {[%emt 0:00:02] [#] B34: Sicilian: Accelerated Dragon with 5 Nc3: sidelines.} 7. Bb3 $146 (7. Nc3 $11) ({Predecessor:} 7. Nc3 d6 8. Be2 O-O 9. O-O Bd7 10. Qd2 Nxd4 11. Bxd4 Bc6 12. f3 a5 13. Rfd1 Nd7 14. Rac1 Bxd4+ {½-½ (14) Milos,G (2563)-Vescovi,G (2592) Sao Paulo 2006}) 7... Nxe4 $17 8. O-O O-O {[%emt 0:00:06] Black is better.} 9. f3 Nf6 10. c4 d5 11. Bf2 e5 12. Nb5 {[%emt 0:00:24] [#]} (12. Nxc6 $17 bxc6 13. cxd5 cxd5 14. Re1) 12... d4 $1 $19 {[%emt 0:00:25] Strongly threatening ...a6.} 13. Nd2 a6 14. Na3 Nb4 15. Rc1 (15. Bh4 {was called for.}) 15... Nd3 16. Rb1 Bf5 17. Bc2 Nxf2 18. Rxf2 d3 19. Bb3 h5 {[%emt 0:00:05] Against g4} 20. Rc1 $2 (20. Kh1) 20... Re8 {[%emt 0:00:07] Threatens to win with ...e4.} 21. c5 Be6 22. Nac4 Nd5 $2 (22... e4 $19 23. Nxe4 Nxe4 24. fxe4 Bd4) 23. Nd6 $15 Re7 24. N2e4 Ne3 $2 (24... Nf4 $1 $15 {keeps the upper hand.} 25. Kh1 (25. Bxe6 Rxe6 26. Qb3 Rb8 $17) 25... Bh6) 25. Qxd3 $16 Bxb3 26. Qxb3 Nf5 27. Nxf5 {[%emt 0:00:03] White is much more active. The black rooks are badly placed.} gxf5 28. Nd6 e4 29. Nxf5 Bd4 30. Nxd4 Qxd4 (30... e3 $16 31. Re2 Qxd4) 31. Rd1 $18 Qxc5 32. fxe4 Rc8 33. Rd5 Qc1+ (33... Qc7 34. Rf1 h4 35. Rg5+ Kf8) 34. Rf1 Qc4 35. Rd8+ Kh7 36. Rxc8 Qxc8 37. Rxf7+ Rxf7 $2 (37... Kh8 38. Rf5 (38. Rxe7 Qc5+ 39. Kf1 Qxe7 $18) 38... Qc1+ 39. Kf2 Qd2+ 40. Kf3 Kg7) 38. Qxf7+ {[%emt 0:00:02][%mdl 4096] Endgame KQ-KQ} Kh6 39. Qf6+ Kh7 40. Qf5+ Qxf5 41. exf5 {[%emt 0:00:01] KP-KP} Kg7 42. h3 h4 43. Kf2 Kf6 44. Ke3 Kxf5 45. Kf3 {[%emt 0:00:01] [#] Black must now prevent g3.} a5 46. a4 {[%emt 0:00:04] White mates.} b6 47. b3 Ke5 48. Kg4 Kd4 49. Kxh4 Kc3 50. Kg5 Kxb3 {[%emt 0:00:01] K3P-KPP} 51. h4 b5 52. h5 bxa4 {[%emt 0:00:02] KPP-KPP} 53. h6 a3 54. h7 Kb2 55. h8=Q+ Kb1 56. Qb8+ Ka1 57. Kf4 a4 58. Ke3 a2 59. Kd3 a3 60. Qe5+ Kb1 61. Qe1+ Kb2 62. Qc3+ Kb1 63. Qc2+ Ka1 64. Qc1# {[%emt 0:00:01] Quite a comeback for White.  Weighted Error Value: White=0.34/Black=0.64} 1-0